 Dungeon Crawl Stone Soup version 0.31-a0-532-g28f74ba3e5 (webtiles) character file.

Game seed: 17906816394684796485

26 bobarctor the Shooter (level 3, -3/21 HPs)
             Began as a Tengu Hunter on Aug 12, 2023.
             Slain by a gnoll
             ... wielding a +0 whip
              (6 damage)
             ... on level 2 of the Dungeon.
             The game lasted 00:03:42 (743 turns).

bobarctor the Shooter (Tengu Hunter)                 Turns: 743, Time: 00:03:42

Health: -3/21      AC:  3    Str: 11    XL:     3   Next: 8%
Magic:  4/4        EV: 12    Int: 11    God:
Gold:   50         SH:  0    Dex: 17    Spells: 2/2 levels left

rFire   . . .        a - +0 shortbow
rCold   . . .        (shield currently unavailable)
rNeg    . . .        c - +0 leather armour
rPois   .            (helmet restricted)
rElec   .            (no cloak)
rCorr   .            (no gloves)
SInv    .            (boots unavailable)
Will    .....        (no amulet)
Stlth   ++           (no ring)
HPRegen 0.23/turn    (no ring)
MPRegen 0.09/turn

%: no passive effects
@: no status effects
A: beak, talons 3
a: no special abilities


You were on level 2 of the Dungeon.
You visited 1 branch of the dungeon, and saw 2 of its levels.

You collected 50 gold pieces.

Inventory:

Hand Weapons
 a - a +0 shortbow (weapon)
 f - a +0 dagger
Armour
 c - a +0 leather armour (worn)
Jewellery
 d - an amulet of faith
Scrolls
 b - a scroll of butterflies
Potions
 e - a potion of lignification {unknown}
 g - 2 potions of curing {unknown}
 h - a potion of degeneration {unknown}


   Skills:
 + Level 2.1 Fighting
 + Level 5.2 Ranged Weapons
 + Level 2.2 Dodging
 + Level 1.0 Stealth
 * Level 0.3 Spellcasting


You had 2 spell levels left.
You didn't know any spells.
Your spell library contained the following spells:

 Spells                   Type           Power      Damage    Failure   Level
 Call Canine Familiar     Summ           0%         N/A       80%         3
 Portal Projectile        Hex/Tloc       0%         N/A       80%         3
 Leda's Liquefaction      Hex/Erth       0%         N/A       99%         4


Dungeon Overview and Level Annotations

Branches:
Dungeon (2/15)

Altars:


Innate Abilities, Weirdness & Mutations

You have a beak for a mouth.
You have claws for feet.


Message History

The gnoll hits you with a +0 whip.
Fire: a) +0 shortbow
Press: ? - help, Q - select action Shift-Dir - straight line, f/p - gnoll
Aim: a gnoll, wielding a +0 whip (almost dead, 66% to hit)
You shoot an arrow. The arrow hits the gnoll.
You kill the gnoll!
The gnoll hits you with a +0 whip.
You have reached level 3!
Your experience leads to an increase in your attributes!
Increase (S)trength, (I)ntelligence, or (D)exterity?
You feel clever. x2
Fire: a) +0 shortbow
Press: ? - help, Q - select action Shift-Dir - straight line, f - gnoll
Aim: a gnoll, wielding a +0 whip and quivering a throwing net (66% to hit)
You shoot an arrow. The arrow hits the gnoll.
The gnoll is moderately wounded.
The gnoll closely misses you.
Fire: a) +0 shortbow
Press: ? - help, Q - select action Shift-Dir - straight line, f/p - gnoll
Aim: a gnoll, wielding a +0 whip and quivering a throwing net (moderately wounded, 66% to hit)
You shoot an arrow. The arrow hits the gnoll.
The gnoll is heavily wounded.
The gnoll hits you with a +0 whip.
Fire: a) +0 shortbow
Press: ? - help, Q - select action Shift-Dir - straight line, f/p - gnoll
Aim: a gnoll, wielding a +0 whip and quivering a throwing net (heavily wounded, 66% to hit)
You shoot an arrow. The arrow closely misses the gnoll.
The arrow hits the gnoll.
The gnoll is heavily wounded.
The gnoll closely misses you.
Fire: a) +0 shortbow
Press: ? - help, Q - select action Shift-Dir - straight line, f/p - gnoll
Aim: a gnoll, wielding a +0 whip and quivering a throwing net (heavily wounded, 66% to hit)
You shoot an arrow. The arrow hits the gnoll.
The gnoll is almost dead.
The gnoll hits you with a +0 whip.
* * * LOW HITPOINT WARNING * * *
Unknown command.
The gnoll attacks as you move away! The gnoll hits you with a +0 whip.
You die...

#.#.#......###..
#.#.#...##.# .
#.#........#
#.####..####
#.......#
####.####..#
#......##..#
#......###.#####
#......# #.@ggg#
######## #####.#
.# .. .. .? .


You could see 2 gnolls and a hobgoblin.

Vanquished Creatures
  A gnoll (D:2)
  A ball python (D:1)
  A bat (D:1)
  A giant cockroach (D:1)
  4 goblins
  A hobgoblin (D:1)
  A kobold (D:1)
  2 quokkas (D:1)
  2 frilled lizards (D:1)
  2 rats (D:1)
16 creatures vanquished.

Notes
Turn   | Place    | Note
-------+----------+-------------------------------------------
     0 | D:1      | bobarctor the Tengu Hunter began the quest for the Orb.
     0 | D:1      | Reached XP level 1. HP: 12/12 MP: 2/2
   234 | D:1      | Reached XP level 2. HP: 17/17 MP: 3/3
   696 | D:2      | Reached skill level 5 in Ranged Weapons
   738 | D:2      | Reached XP level 3. HP: 13/21 MP: 4/4
   743 | D:2      | Slain by a gnoll

Illustrated notes

Levels and vault maps discovered:
D:1:      minmay_arrival_shattered_statue, layout_basic
D:2:      layout_basic, basic_altar

Skill      XL: |  1  2 |
---------------+-------+-----
Ranged Weapons | 5 |  5.2
Fighting       | |  2.1
Dodging        | |  2.2
Stealth        | |  1.0
Spellcasting   | |  0.3

Action                     || total
---------------------------++-------
   Fire: Shortbow          ||    44
 Armour: Leather armour    ||     1
  Dodge: Dodged            ||    12

Table legend: (Time is in decaauts)
 A = Elapsed time spent in this place.
 B = Non-inter-level travel time spent in this place.
 C = Inter-level travel time spent in this place.
 D = Time resting spent in this place.
 E = Time spent auto-exploring this place.
 F = Levels seen in this place.
 G = Mean time per level.
                   A        B        C        D        E       F      G
               +--------+--------+--------+--------+--------+-----+--------+
         Total |    751 |    736 |     15 |      2 |    630 |   2 |  375.5 |
       Dungeon |    751 |    736 |     15 |      2 |    630 |   2 |  375.5 |
               +--------+--------+--------+--------+--------+-----+--------+

Top non-repeatable levels by time:
     D:1: 685 daAuts
     D:2: 66 daAuts
